 Dungeon Crawl Stone Soup version 0.14.1-26-g5a19342 (webtiles) character file.

99 Kae the Firebug (level 3, -1/19 HPs)
             Began as a Tengu Fire Elementalist on July 24, 2014.
             Slain by a worm (12 damage)
             ... on Level 1 of the Dungeon.
             The game lasted 00:01:16 (1595 turns).

Kae the Firebug (Tengu Fire Elementalist)           Turns: 1595, Time: 00:01:18

HP  -1/19        AC  2     Str  6      XL: 3   Next: 31%
MP   1/7         EV 12     Int 16      God:
Gold 65          SH  0     Dex 14      Spells:  1 memorised,  5 levels left

rFire  . . .     SeeInvis .     k - +0 short sword
rCold  . . .     Clarity  .     i - +0 robe (curse)
rNeg   . . .     Conserve .     (no shield)
rPois  .         rCorr    .     (helmet restricted)
rElec  .         rRot     .     (no cloak)
SustAb . .       Spirit   .     (no gloves)
rMut   .         Warding  .     (boots unavailable)
Saprov . . .     Stasis   .     (no amulet)
MR     .....                    (no ring)
                                (no ring)

@: not resistant to hostile enchantments, fairly stealthy
A: beak, horns 1, talons 3, herbivore 1, weak 1
a: no special abilities


You were on level 1 of the Dungeon.
You were very hungry.

You visited 1 branch of the dungeon, and saw 2 of its levels.

You collected 65 gold pieces.

Inventory:

Hand weapons
 k - a +0,+0 short sword (weapon)
Armour
 a - a +0 robe
 i - a cursed +0 robe (worn)
Comestibles
 c - a bread ration
Scrolls
 g - a scroll of recharging {unknown}
 h - a scroll of enchant weapon I {unknown}
Potions
 d - a potion of resistance {unknown}
 e - 2 potions of flight {unknown}
 l - a potion of curing
 m - a potion of brilliance {unknown}
Books
 b - a book of Flames

   Spells                             Type                      Level
   *Flame Tongue                      Conjuration/Fire             1
   Throw Flame                        Conjuration/Fire             2
   Conjure Flame                      Conjuration/Fire             3
   Inner Flame                        Hexes/Fire                   3
   Sticky Flame                       Conjuration/Fire             4
   Fireball                           Conjuration/Fire             5


   Skills:
 - Level 2.1 Dodging
 - Level 2.0 Stealth
 + Level 2.1 Spellcasting
 * Level 3.1 Conjurations
 * Level 3.8 Fire Magic


You had 5 spell levels left.
You knew the following spells:

 Your Spells              Type           Power        Failure   Level  Hunger
a - Flame Tongue          Conj/Fire      ##...        6%          1    #......


Dungeon Overview and Level Annotations

Branches:
Dungeon (2/15)

Altars:


Innate Abilities, Weirdness & Mutations

You have a beak for a mouth.
You have claws for feet.
You have a pair of small horns on your head.
You digest meat inefficiently.
You are weak. (Str -2)


Message History

You climb upwards.
The inept potion mimic barely misses you.
There is a stone staircase leading down here.
Read which item? (? for menu, Esc to quit)
As you read the scroll labeled OSIETZAXIA, it crumbles to dust.
It is a scroll of identify.
Identify which item? (\ to view known items) (? for menu, Esc to quit)
l - 2 potions of curing The inept potion of curing mimic misses you.
Drink which item? (? for menu, Esc to quit)
You feel better. The worm barely misses you.
The inept potion of curing mimic hits you.
Drink which item? (? for menu, Esc to quit)
You feel extremely strange.
You feel weaker.
You hunger for vegetation.
A pair of horns grows on your head!
It was a potion of mutation.
The inept potion of curing mimic barely misses you.
The worm bites you!
Ouch! That really hurt!
You die...

##### #######...# #.........# ###
#.#####...# ..#########.# ##.##
#...........######.#######
#.#########.)..!@w.......#######
#.#########..#####.#...........##
........)......# #.#.###.####...#
.##########..#.# #.#.###.###..#..
.# #..#.# #...........###. .#
#..#.#####.###.###..#.. .#
#..............# ##...# .#
#.############## ##.## .# #.# #.#


You could see a worm and an inept potion of curing mimic.

Vanquished Creatures
  3 giant geckos (D:1)
  3 bats (D:1)
  A bat zombie (D:1)
  A giant cockroach (D:1)
  5 hobgoblins (D:1)
  A giant newt (D:1)
  4 goblins (D:1)
  A goblin zombie (D:1)
  6 kobolds
  6 rats (D:1)
31 creatures vanquished.

Notes
Turn   | Place    | Note
--------------------------------------------------------------
     0 | D:1      | Kae, the Tengu Fire Elementalist, began the quest for the Orb.
     0 | D:1      | Reached XP level 1. HP: 10/10 MP: 3/3
   204 | D:1      | Reached XP level 2. HP: 7/15 MP: 3/5
  1060 | D:1      | Reached XP level 3. HP: 12/19 MP: 7/7
  1595 | D:1      | Gained mutation: You are weak. (Str -2) [potion of mutation]
  1595 | D:1      | Gained mutation: You digest meat inefficiently. [potion of mutation]
  1595 | D:1      | Gained mutation: You have a pair of small horns on your head. [potion of mutation]
  1595 | D:1      | Slain by a worm

Action                   || total
-------------------------++-------
Melee: Unarmed           ||    23
       Short sword       ||    28
 Cast: Flame Tongue      ||    40
  Use: Potion            ||     2
       Scroll            ||     1
